AoeStats
← toul35

Arena

509721011Analyzed
4v4 RM · 3d ago on Sep 27, 2026· 44m 29s· 8 players
Game mode
Random Map
Map size
Large (8 player)
Population
200
Speed
Normal
Resources
Standard
Victory
Conquest
Starting age
Dark Age
Ending age
Imperial Age
RankedLock teamsTeams togetherTeam positionsShared explorationLock speedFull tech treeHidden civsTurbo modeCheats
Victory
Defeat
1223
+13
🇧🇷 Wei · Brazil
1219
+13
🇵🇪 Malay · Peru
1192
+14
🇮🇩 Goths · Indonesia
1160
+15
🇫🇷 Portuguese · France
1164
-14
🇫🇷 Mongols · France
1158
-14
🇫🇷 Italians · France
1145
-14
🇪🇸 Hindustanis · Spain
1132
-13
math-hbcn
10:30 Feudal Age
11:41 Loom
14:25 Castle Age
12:19 Double-Bit Axe
12:58 Horse Collar
21:07 Bow Saw
21:16 Stone Mining
23:35 Wheelbarrow
24:02 Stone Shaft Mining
24:52 Gold Mining
25:06 Heavy Plow
28:56 Imperial Age
28:31 Ballistics
29:21 Hand Cart
29:00 Fletching
29:12 Scale Mail Armor
29:23 Forging
29:37 Masonry
29:37 Town Watch
30:18 Conscription
30:04 Arquebus
32:05 Elite Organ Gun
34:20 Chemistry
33:18 Guard Tower
35:08 Two-Man Saw
34:44 Architecture
38:21 Keep
39:24 Chain Mail Armor
39:45 Iron Casting
38:59 Man-at-Arms
39:27 Gambesons
40:23 Long Swordsman
41:38 Plate Mail Armor
42:08 Blast Furnace
41:08 Two-Handed Swordsman
42:02 Champion
43:13 Pikeman
KKUSH-PANIER
7:35 Loom
10:25 Feudal Age
11:23 Double-Bit Axe
17:16 Castle Age
17:40 Horse Collar
18:12 Bow Saw
22:44 Wheelbarrow
22:34 Gold Mining
23:46 Town Watch
23:59 Stone Mining
25:09 Hand Cart
28:09 Fletching
31:07 Bodkin Arrow
34:13 Imperial Age
32:54 Heavy Plow
34:04 Padded Archer Armor
36:28 Conscription
35:33 Heavy Camel Rider
37:10 Bloodlines
37:09 Scale Barding Armor
37:15 Forging
43:08 Chain Barding Armor
toul35
10:04 Feudal Age
15:08 Castle Age
13:33 Double-Bit Axe
13:56 Gold Mining
15:10 Stone Mining
17:33 Loom
20:40 Horse Collar
22:39 Bow Saw
24:03 Wheelbarrow
29:40 Imperial Age
27:32 Fletching
28:10 Heavy Plow
28:31 Bodkin Arrow
29:14 Ballistics
29:26 Padded Archer Armor
29:48 Hand Cart
29:18 Town Watch
31:31 Chemistry
30:52 Conscription
30:38 Onager
32:25 Bracer
33:58 Two-Man Saw
33:57 Leather Archer Armor
34:36 Masonry
34:37 Fortified Wall
38:11 Ring Archer Armor
37:11 Elite Genoese Crossbowman
38:26 Town Patrol
39:01 Bombard Tower
39:15 Architecture
40:00 Elite Skirmisher
42:14 Squires
42:25 Forging
42:16 Scale Mail Armor
43:11 Crop Rotation
43:06 Chain Mail Armor
45:00 Plate Mail Armor
45:05 Iron Casting
jeromedelameau
10:27 Feudal Age
11:33 Double-Bit Axe
11:29 Horse Collar
12:00 Loom
15:58 Castle Age
17:00 Bow Saw
17:07 Heavy Plow
20:43 Wheelbarrow
23:14 Hand Cart
24:22 Stone Mining
25:35 Stone Shaft Mining
24:53 Gold Mining
26:38 Stone Shaft Mining
27:16 Gold Shaft Mining
27:43 Town Watch
31:00 Imperial Age
28:32 Scale Mail Armor
29:30 Grand Trunk Road
30:09 Squires
30:20 Forging
30:31 Bloodlines
30:47 Fletching
31:13 Chain Mail Armor
31:34 Iron Casting
31:12 Fortified Wall
31:22 Ballistics
31:14 Masonry
31:24 Town Patrol
31:22 Bodkin Arrow
32:26 Conscription
33:08 Two-Man Saw
33:51 Chemistry
33:03 Scale Barding Armor
34:46 Blast Furnace
33:42 Bodkin Arrow
35:02 Scale Barding Armor
34:21 Heavy Camel Rider
35:02 Husbandry
35:38 Bracer
35:59 Chain Barding Armor
36:08 Chain Barding Armor
36:40 Hoardings
35:52 Imperial Camel Rider
37:25 Plate Barding Armor
37:13 Murder Holes
37:29 Padded Archer Armor
37:09 Light Cavalry
38:46 Shatagni
39:07 Leather Archer Armor
41:16 Ring Archer Armor
42:24 Elite Ghulam
follow the white rabbit Δ
13:28 Feudal Age
12:13 Loom
13:50 Horse Collar
13:56 Double-Bit Axe
17:28 Castle Age
17:10 Wheelbarrow
19:57 Hand Cart
19:40 Gold Mining
23:27 Bow Saw
23:36 Stone Mining
26:13 Heavy Plow
28:02 Town Watch
30:56 Imperial Age
29:17 Fletching
29:27 Padded Archer Armor
29:17 Fletching
29:27 Padded Archer Armor
30:14 Bodkin Arrow
30:35 Crossbowman
31:20 Thumb Ring
31:32 Leather Archer Armor
32:01 Torsion Engines
32:23 Conscription
33:24 Two-Man Saw
32:52 Ballistics
32:37 Arbalester
33:15 Heavy Scorpion
38:08 Chemistry
39:15 Bracer
43:55 Gold Shaft Mining
43:56 Stone Shaft Mining
45:14 Ring Archer Armor
GaloDoido
11:11 Feudal Age
16:12 Castle Age
14:28 Double-Bit Axe
15:04 Horse Collar
18:22 Bow Saw
24:26 Gold Mining
26:00 Loom
26:51 Wheelbarrow
26:01 Town Watch
31:10 Imperial Age
29:45 Gold Shaft Mining
29:35 Stone Mining
30:32 Bloodlines
30:22 Husbandry
30:39 Scale Barding Armor
30:46 Forging
32:37 Chain Barding Armor
33:02 Iron Casting
33:20 Scale Mail Armor
34:02 Hand Cart
34:50 Blast Furnace
33:58 Squires
33:19 Pikeman
35:06 Ballistics
34:28 Treadmill Crane
34:25 Halberdier
35:44 Chain Mail Armor
37:23 Fletching
37:34 Padded Archer Armor
38:36 Chemistry
39:03 Parthian Tactics
39:10 Thumb Ring
39:02 Bodkin Arrow
39:22 Leather Archer Armor
43:54 Bracer
44:25 Ring Archer Armor
Chelsea Smile
10:14 Feudal Age
14:02 Castle Age
11:54 Double-Bit Axe
12:12 Horse Collar
16:57 Bow Saw
17:37 Heavy Plow
22:31 Wheelbarrow
24:24 Gold Mining
24:27 Stone Mining
25:34 Hand Cart
25:29 Town Watch
31:35 Imperial Age
29:23 Scale Barding Armor
29:28 Forging
29:21 Scale Mail Armor
29:13 Fletching
29:29 Anarchy
29:49 Pikeman
30:29 Squires
31:06 Iron Casting
31:34 Chain Mail Armor
31:47 Halberdier
32:48 Conscription
31:49 Elite Huskarl
32:37 Town Patrol
33:33 Crop Rotation
34:05 Two-Man Saw
33:24 Perfusion
44:09 Blast Furnace
King Helmet
11:40 Feudal Age
15:34 Castle Age
13:34 Double-Bit Axe
14:45 Loom
19:10 Wheelbarrow
18:48 Bow Saw
22:17 Horse Collar
24:14 Town Watch
25:24 Squires
25:11 Arson
26:22 Forging
28:07 Iron Casting
33:02 Imperial Age
30:33 Gold Mining
31:01 Scale Barding Armor
31:16 Hand Cart
32:06 Husbandry
31:57 Elite Battle Elephant
33:39 Blast Furnace
33:08 Conscription
39:39 Fletching
40:02 Pikeman
41:29 Halberdier
Connection lost

Rejoining the realm…

Still unreachable

The connection could not be restored.

Session expired

The server has moved on; the page needs a fresh start.